 Dungeon Crawl Stone Soup version 0.29-a0-338-g1ff7896281 (webtiles) character file.

Game seed: 737174937679662294

93 Antichthon the Chopper (level 4, -1/39 HPs)
             Began as a Naga Warper on Apr 17, 2022.
             Slain by an orc
             ... wielding a +0 dagger
              (3 damage)
             ... on level 3 of the Dungeon.
             The game lasted 00:02:11 (1821 turns).

Antichthon the Chopper (Naga Warper)                Turns: 1821, Time: 00:02:12

Health: -1/39      AC:  3    Str: 13    XL:     4   Next: 61%
Magic:  7/7        EV:  9    Int: 13    God:
Gold:   99         SH:  0    Dex: 13    Spells: 2/7 levels left

rFire   . . .      SeeInvis +   a - +0 hand axe
rCold   . . .      Faith    .   (no shield)
rNeg    . . .      Spirit   .   b - +0 leather armour
rPois   +          Reflect  .   h - +0 helmet
rElec   .          Harm     .   (no cloak)
rCorr   .          Rampage  .   (no gloves)
Will    .....                   (no barding)
Stlth   +.........              (no amulet)
HPRegen 0.13/turn               (no ring)
MPRegen 0.10/turn               (no ring)

@: short of breath, very slow
A: AC +1, large, see invisible, deformed body, poison resistance, slowness 2,
spit poison 1, naga tail 1
a: Spit Poison


You were on level 3 of the Dungeon.
You visited 1 branch of the dungeon, and saw 3 of its levels.

You collected 99 gold pieces.

Inventory:

Hand Weapons
 a - a +0 hand axe (weapon)
Missiles
 d - 7 boomerangs of dispersal (quivered)
Armour
 b - a +0 leather armour (worn)
 h - a +0 helmet (worn)
Scrolls
 c - 3 scrolls of blinking
 i - 2 scrolls of summoning {unknown}
 j - 2 scrolls of immolation
 l - 3 scrolls of identify {unknown}
 m - a scroll of noise {unknown}
 n - a scroll of torment {unknown}
 o - 2 scrolls of teleportation {unknown}
 p - a scroll of magic mapping {unknown}
Potions
 e - a potion of might {unknown}
 f - a potion of mutation {unknown}
 g - a potion of magic {unknown}
 k - 5 potions of curing {unknown}


   Skills:
 - Level 2.0 Fighting
 + Level 4.7 Axes
 - Level 0.8 Throwing
 - Level 0.7 Armour
 - Level 1.5 Dodging
 - Level 2.0 Spellcasting
 - Level 3.0 Translocations


You had 2 spell levels left.
You knew the following spells:

 Your Spells              Type           Power      Damage    Failure   Level
a - Blink                 Tloc           18%        N/A       14%         2
b - Teleport Other        Tloc           9%         N/A       28%         3

Your spell library contained the following spells:

 Spells                   Type           Power      Damage    Failure   Level
 Gell's Gravitas          Tloc           9%         N/A       28%         3
 Lesser Beckoning         Tloc           9%         N/A       28%         3
 Ozocubu's Armour         Ice            1%         N/A       67%         3
 Manifold Assault         Tloc           9%         N/A       95%         5
 Metabolic Englaciation   Hex/Ice        0%         N/A       100%        5
 Simulacrum               Ice/Necr       0%         N/A       100%        6


Dungeon Overview and Level Annotations

Branches:
Dungeon (3/15)

Altars:
Elyvilon


Innate Abilities, Weirdness & Mutations

Your serpentine skin is tough. (AC +1)
You have supernaturally acute eyesight. (SInv)
Armour fits poorly on your strangely shaped body.
Your system is resistant to poisons. (rPois)
You cover ground very slowly.
You can spit poison.
You have a snake-like lower body.


Message History

The orc is heavily wounded.
The orc closely misses you.
You slash the orc!
You kill the orc!
You barely miss the orc. The orc hits you with a +0 whip.
* * * LOW HITPOINT WARNING * * *
You hit the orc but do no damage.
You have got your breath back.
The orc misses you.
Aiming: Spit Poison (1% risk of failure)
Press: ? - help, Shift-Dir - straight line, f - orc
Aim: an orc, wielding a +0 whip (59% to hit)
The splash of poison hits the orc.
The orc is moderately wounded.
The orc barely misses you.
Unknown command.
You completely miss the orc.
The orc is moderately wounded.
The orc hits you with a +0 whip.
* * * LOW HITPOINT WARNING * * *
You hit the orc.
The orc is severely wounded.
The orc hits you but does no damage.
You slash the orc!
You kill the orc!
The orc hits you with a +0 dagger.
* * * LOW HITPOINT WARNING * * *
You closely miss the orc.
You have got your breath back.
The orc barely misses you.
Aiming: Spit Poison (1% risk of failure)
Press: ? - help, Shift-Dir - straight line, f - orc
Aim: an orc, wielding a +0 dagger (59% to hit)
The splash of poison misses the orc.
The orc hits you with a +0 dagger.
* * * LOW HITPOINT WARNING * * *
Unknown command.
You hit the orc.
The orc is moderately wounded.
The orc hits you with a +0 dagger.
You die...

#.. ... # #.#
#.##.#### #.#.....
#.....######
#...#....#
#.###...†.##.##
#.)o@.....#...#
######!...#.8.#
##.#.#...# #.#.##.##
#.#..#.# ########.##
#####...###...###..
#.....8....._.....8.
#...#...###...###...


You could see an orc.

Vanquished Creatures
  An orc priest (D:3)
  2 adders
  2 dart slugs (D:1)
  3 orcs (D:3)
  3 ball pythons
  5 bats
  3 endoplasms
  3 giant cockroaches
  5 hobgoblins
  2 quokkas
  3 frilled lizards
  2 kobolds (D:1)
  A rat (D:2)
35 creatures vanquished.

Notes
Turn   | Place    | Note
-------+----------+-------------------------------------------
     0 | D:1      | Antichthon the Naga Warper began the quest for the Orb.
     0 | D:1      | Reached XP level 1. HP: 19/19 MP: 3/3
   263 | D:1      | Reached XP level 2. HP: 26/26 MP: 5/5
   417 | D:1      | Found a faded altar of an unknown god.
   432 | D:1      | Reached skill level 3 in Axes
   558 | D:1      | Reached XP level 3. HP: 11/32 MP: 6/6
   561 | D:1      | Learned a level 2 spell: Blink
   565 | D:1      | Learned a level 3 spell: Teleport Other
  1611 | D:3      | Found a white marble altar of Elyvilon.
  1712 | D:3      | Reached skill level 4 in Axes
  1797 | D:3      | Reached XP level 4. HP: 30/39 MP: 7/7
  1821 | D:3      | Slain by an orc

Illustrated notes

Levels and vault maps discovered:
D:1:      dpeg_arrival_rhombus, layout_rooms, hellmonk_ecumenical_altar_blasted
D:2:      layout_rooms
D:3:      layout_basic, elyvilon_altar_1, lemuel_blue_sif_altar

Skill      XL: |  1  2  3 |
---------------+----------+-----
Axes           | 3 4 |  4.7
Fighting       | |  2.0
Throwing       | |  0.8
Armour         | |  0.7
Dodging        | |  1.5
Spellcasting   | |  2.0
Translocations | |  3.0

Action                   |  1- 3 |  4- 6 || total
-------------------------+-------+-------++-------
Melee: Hand axe          |   112 |    20 ||   132
 Abil: Spit Poison       |     9 |     4 ||    13
Armor: Leather armour    |    34 |     2 ||    36
Dodge: Dodged            |    71 |    11 ||    82

Table legend: (Time is in decaauts)
 A = Elapsed time spent in this place.
 B = Non-inter-level travel time spent in this place.
 C = Inter-level travel time spent in this place.
 D = Time resting spent in this place.
 E = Time spent auto-exploring this place.
 F = Levels seen in this place.
 G = Mean time per level.
                   A        B        C        D        E       F      G
               +--------+--------+--------+--------+--------+-----+--------+
         Total |   2143 |   2094 |     49 |      0 |   1693 |   3 |  714.3 |
       Dungeon |   2143 |   2094 |     49 |      0 |   1693 |   3 |  714.3 |
               +--------+--------+--------+--------+--------+-----+--------+

Top non-repeatable levels by time:
     D:1: 1086 daAuts
     D:2: 764 daAuts
     D:3: 292 daAuts
